 Dungeon Crawl Stone Soup version 0.29.1-2-gbd0b4ee654 (webtiles) character file.

Game seed: 12845715326766754320

94 zeram the Caller (level 4, 0/24 HPs)
             Began as a Deep Elf Summoner on Nov 23, 2022.
             Slain by a gnoll
             ... wielding a +0 spear
              (4 damage)
             ... on level 3 of the Dungeon.
             The game lasted 00:04:15 (2607 turns).

zeram the Caller (Deep Elf Summoner)                Turns: 2607, Time: 00:04:16

Health: 0/24       AC:  3    Str:  5    XL:     4   Next: 38%
Magic:  9/11       EV: 14    Int: 22    God:
Gold:   181        SH:  0    Dex: 21    Spells: 3/10 levels left

rFire   . . .      SeeInvis .   d - +0 short sword
rCold   . . .      Faith    .   (no shield)
rNeg    . . .      Spirit   .   a - +1 robe
rPois   .          Reflect  .   (no helmet)
rElec   .          Harm     .   (no cloak)
rCorr   .          Rampage  .   (no gloves)
Will    .....                   (no boots)
Stlth   +++.......              (no amulet)
HPRegen 0.08/turn               e - +6 ring of dexterity
MPRegen 0.12/turn               (no ring)

@: no status effects
A: no striking features
a: no special abilities


You were on level 3 of the Dungeon.
You visited 1 branch of the dungeon, and saw 3 of its levels.

You collected 181 gold pieces.

Inventory:

Hand Weapons
 c - a +0 short sword of holy wrath
 d - a +0 short sword (weapon)
Armour
 a - a +1 robe (worn)
Jewellery
 e - a +6 ring of dexterity (left hand)
Scrolls
 g - 3 scrolls of torment
Potions
 b - a potion of magic
 f - 2 potions of mutation
 j - a potion of lignification
 k - a potion of might


   Skills:
 + Level 3.3 Dodging
 + Level 3.7 Stealth
 + Level 3.5 Spellcasting
 + Level 5.3 Summonings


You had 3 spell levels left.
You knew the following spells:

 Your Spells              Type           Power      Damage    Failure   Level
a - Ensorcelled Hibernat  Hex/Ice        6%         N/A       19%         2
b - Call Imp              Summ           27%        N/A       1%          2
c - Call Canine Familiar  Summ           27%        N/A       4%          3

Your spell library contained the following spells:

 Spells                   Type           Power      Damage    Failure   Level
 Summon Small Mammal      Summ           100%       N/A       1%          1
 Summon Guardian Golem    Hex/Summ       15%        N/A       12%         3
 Dazzling Flash           Conj/Hex       6%         N/A       34%         3
 Spider Form              Tmut/Pois      3%         N/A       34%         3
 Summon Lightning Spire   Summ/Air       15%        N/A       36%         4
 Anguish                  Hex/Necr       1%         N/A       75%         4
 Iskenderun's Mystic Bla  Conj/Tloc      3%         2d3       75%         4
 Starburst                Conj/Fire      1%         6d3       100%        6


Dungeon Overview and Level Annotations

Branches:
Dungeon (3/15)

Altars:


Message History

You hit the gnoll.
The gnoll is moderately wounded.
The gnoll closely misses you. x2; The gnoll misses you.
Your shadow imp hits the gnoll.
The gnoll misses you.
The gnoll hits you from afar with a +0 spear.
The gnoll barely misses your shadow imp.
You hit the gnoll.
The gnoll is severely wounded.
Your shadow imp hits the gnoll.
The gnoll closely misses you.
The gnoll hits you from afar with a +0 spear.
You hit the gnoll but do no damage.
The gnoll is severely wounded.
The gnoll hits you with a +0 club!
The gnoll barely misses your shadow imp.
The gnoll barely misses you.
You hit the gnoll.
The gnoll is almost dead.
Your shadow imp hits the gnoll.
The gnoll barely misses your shadow imp.
The gnoll hits you with a +0 club.
* * * LOW HITPOINT WARNING * * *
The gnoll barely misses you.
Your shadow imp hits the gnoll.
The gnoll dies!
The gnoll misses you.
The gnoll closely misses your shadow imp.
Your shadow imp gestures at the gnoll.
The gnoll writhes in agony.
The gnoll dies!
Things that are here:
a +0 club; a gnoll corpse You completely miss the gnoll.
The gnoll barely misses you.
Your shadow imp hits the gnoll.
You hit the gnoll.
The gnoll is moderately wounded.
The gnoll hits you with a +0 spear.
* * * LOW HITPOINT WARNING * * *
Your shadow imp barely misses the gnoll.
Unknown command.
The gnoll hits you from afar with a +0 spear.
You die...

.......##.##.. #.#..##
..............# #.#...#
..............# #.....#
..........##..# #.#...#
.#.).#!#..##..###.#...###
................†........
.$...#†#.......†......#
.............)#.#.#...#
....##........5)@.....#
.... #.##.....g.#.#.<.#
.......##.###.###.....#
........#.# #.# ###.....
..........# #.# #..####
..........# #.# #..#
(.#.###.### #.# #..# ....
.. ... #..# ##. ... ....


You could see a gnoll (ally target) and a friendly shadow imp (summoned).

Vanquished Creatures
  A gnoll (D:3)
  An adder (D:2)
  7 ball pythons
  5 bats
  4 endoplasms
  A giant cockroach (D:1)
  3 hobgoblins
  2 frilled lizards
  5 goblins
  5 kobolds
  4 rats
38 creatures vanquished.

Vanquished Creatures (collateral kills)
  2 gnolls (D:3)
  An adder (D:2)
  2 endoplasms (D:1)
  A giant cockroach (D:1)
  A hobgoblin (D:1)
  A ball python (D:1)
  A frilled lizard (D:1)
  A kobold (D:1)
10 creatures vanquished.

Grand Total: 48 creatures vanquished

Notes
Turn   | Place    | Note
-------+----------+-------------------------------------------
     0 | D:1      | zeram the Deep Elf Summoner began the quest for the Orb.
     0 | D:1      | Reached XP level 1. HP: 10/10 MP: 6/6
   336 | D:1      | Reached XP level 2. HP: 15/15 MP: 4/8
   475 | D:1      | Found a faded altar of an unknown god.
   505 | D:1      | Learned a level 2 spell: Call Imp
   942 | D:1      | Reached skill level 5 in Summonings
  1426 | D:2      | Reached XP level 3. HP: 17/19 MP: 9/9
  1430 | D:2      | Learned a level 3 spell: Call Canine Familiar
  1433 | D:2      | Learned a level 2 spell: Ensorcelled Hibernation
  2586 | D:3      | Reached XP level 4. HP: 15/24 MP: 6/11
  2607 | D:3      | Slain by a gnoll

Illustrated notes

Levels and vault maps discovered:
D:1:      heliophobic_arrival_ceremonial_halls, layout_basic,
          basic_ecumenical_altar
D:2:      layout_basic
D:3:      layout_basic, nicolae_dithmenos_through_a_glass_darkly,
          mainiacjoe_overflow_concentric_impassable, serial_shops, shop_statue

Skill      XL: |  1  2  3 |
---------------+----------+-----
Summonings     | 5 |  5.3
Stealth        | 3 |  3.7
Dodging        | 3 |  3.3
Spellcasting   | |  3.5

Action                   |  1- 3 |  4- 6 || total
-------------------------+-------+-------++-------
Melee: Unarmed           |     7 |       ||     7
       Short sword       |    82 |     7 ||    89
 Cast: Summon Small Mamm |     9 |       ||     9
       Call Imp          |     4 |       ||     4
       Ensorcelled Hiber |     2 |       ||     2
  Use: Scroll            |     8 |       ||     8
       Potion            |     1 |     1 ||     2
 Stab: Sleeping          |    15 |       ||    15
Armor: Robe              |    11 |       ||    11
Dodge: Dodged            |    60 |    15 ||    75
